 Dungeon Crawl Stone Soup version 0.23-a0-767-gdc19b93d68 (webtiles) character file.

4284 Raymar the Destroyer (level 10, -8/78 HPs)
             Began as a Red Draconian Conjurer on Jan 29, 2019.
             Was a Believer of Makhleb.
             Mangled by a seven-headed hydra (11 damage)
             ... on level 1 of the Lair of Beasts.
             The game lasted 00:33:48 (9523 turns).

Raymar the Destroyer (Red Draconian Conjurer)       Turns: 9523, Time: 00:33:48

Health: -8/78      AC: 17    Str: 11    XL:     10   Next: 10%
Magic:  8/21       EV: 15    Int: 17    God:    Makhleb [**....]
Gold:   320        SH:  0    Dex: 18    Spells: 14/23 levels left

rFire    + . .     SeeInvis .   x - +1 short sword of Tioffax {drain, rPois}
rCold    . . .     Gourm    .   (no shield)
rNeg     . . .     Faith    .   (armour unavailable)
rPois    +         Spirit   .   (helmet restricted)
rElec    .         Reflect  .   i - +2 cloak
rCorr    .         Harm     .   r - +2 pair of gloves
MR       .....                  j - +1 pair of boots
Stlth    +++.......             (no amulet)
HPRegen  0.23/turn              o - +2 ring of protection
MPRegen  0.17/turn              y - +5 ring of dexterity

@: drained
A: breathe fire, unfitting armour, fire resistance 1, cold-blooded, AC +7
a: Breathe Fire, Minor Destruction, Renounce Religion


You were on level 1 of the Lair of Beasts.
You worshipped Makhleb.
Makhleb was pleased with you.
You were very hungry.

You visited 2 branches of the dungeon, and saw 9 of its levels.

You collected 453 gold pieces.
You spent 133 gold pieces at shops.

Inventory:

Hand Weapons
 e - a +2 falchion of holy wrath
 m - a cursed +0 quarterstaff
 t - a +4 dagger of flaming
 x - the +1 short sword of Tioffax (weapon) {drain, rPois}
   (You found it on level 8 of the Dungeon)

   A truly terrible weapon, it drains the life of those it strikes.
   It protects you from poison.
Missiles
 h - 30 bolts
Armour
 i - a +2 cloak (worn)
 j - a +1 pair of boots (worn)
 q - a +1 pair of gloves
 r - a +2 pair of gloves (worn)
Jewellery
 o - a +2 ring of protection (left hand)
 p - an uncursed ring of protection from fire
 s - an uncursed ring of poison resistance
 y - a +5 ring of dexterity (right hand)
Wands
 n - a wand of flame (37)
 v - a wand of polymorph (6)
Scrolls
 c - 2 scrolls of fog
 d - 2 scrolls of remove curse
 k - 4 scrolls of amnesia
 u - 2 scrolls of teleportation
 w - 2 scrolls of identify
Potions
 a - 6 potions of curing
 f - 3 potions of might
 g - 2 potions of flight
 l - 3 potions of heal wounds {unknown}
Comestibles
 b - 7 rations


   Skills:
 + Level 3.8(3.1) Fighting
 + Level 5.2(4.5) Short Blades
   Level 1.5(0.9) Crossbows
 + Level 5.2(4.6) Dodging
 + Level 4.4(3.7) Stealth
 + Level 7.3(6.7) Spellcasting
 + Level 8.3(7.6) Conjurations
 * Level 2.3(1.7) Transmutations
 + Level 1.0(0.4) Evocations


You had 14 spell levels left.
You knew the following spells:

 Your Spells              Type           Power        Failure   Level  Hunger
a - Magic Dart            Conj           ####         1%          1    None
b - Searing Ray           Conj           ####..       1%          2    None
c - Iskenderun's Mystic   Conj           ####....     4%          4    ####...
d - Sticks to Snakes      Tmut           ##......     9%          2    None

Your spell library contained the following spells:

 Spells                   Type           Power        Failure   Level  Hunger
 Beastly Appendage        Tmut           ##....       6%          1    None
 Dazzling Spray           Conj/Hex       ###...       8%          3    ##.....
 Animate Skeleton         Necr           N/A          12%         1    None
 Pain                     Necr           #...         12%         1    None
 Force Lance              Conj/Tloc      ###.....     24%         4    ####...
 Fulminant Prism          Conj/Hex       ###.......   24%         4    ####...
 Spider Form              Tmut/Pois      #.........   26%         3    ##.....
 Regeneration             Chrm/Necr      #.........   34%         3    ##.....
 Vampiric Draining        Necr           #.........   34%         3    ##.....
 Ice Form                 Ice/Tmut       #.......     63%         4    ####...
 Animate Dead             Necr           N/A          75%         4    ####...
 Blade Hands              Tmut           ##........   86%         5    #####..


Dungeon Overview and Level Annotations

Branches:
Dungeon (8/15)             Temple (0/1) D:6            Lair (1/6) D:8

Altars:
Dithmenos
Elyvilon
Makhleb
Nemelex Xobeh
Okawaru
Qazlal
Sif Muna
Uskayaw
Xom
Zin

Shops:
D:5 **

Annotations:
D:3 3 runed doors, kaisn's ghost, amateur FoFi


Innate Abilities, Weirdness & Mutations

You can breathe blasts of fire.
Your fiery red scales are hard. (AC +7)
You cannot fit into any form of body armour.
Your flesh is heat resistant. (rF+)
You are cold-blooded and may be slowed by cold attacks.


Message History

The seven-headed hydra closely misses you.
The seven-headed hydra bites you.
* * * LOW HITPOINT WARNING * * *
The seven-headed hydra closely misses you.
The seven-headed hydra bites you!
* * * LOW HITPOINT WARNING * * *
Casting: Iskenderun's Mystic Blast (safe; 4% risk of failure)
Confirm with . or Enter, or press ? or * to list all spells.
Aiming: Iskenderun's Mystic Blast (safe; 4% risk of failure)
Press: ? - help, Shift-Dir - straight line, f/p - seven-headed hydra
Aim: a seven-headed hydra (moderately wounded, lightly drained)
The orb of energy hits the seven-headed hydra.
The seven-headed hydra is heavily wounded.
You are feeling very hungry.
The seven-headed hydra barely misses you.
The seven-headed hydra bites you but does no damage.
The seven-headed hydra closely misses you.
The seven-headed hydra barely misses you.
The seven-headed hydra misses you. The seven-headed hydra bites you!
You die...

.# .#
.#############.# .
...............###..
###.##.###..P..#...
#.# ##........ #.#
##........ #D#
#....(.... #@#
#.....###. #.#
#....## ##..##)<..#
#.........#
#..............
##..............
#..............
#..............
##.............


You could see a seven-headed hydra.

Vanquished Creatures
  Pikel (D:4)
  Grinder (D:4)
  Prince Ribbit (D:7)
  Duvessa (D:7)
  A porcupine (Lair:1)
  A slave (D:4)
  An orc warrior (D:6)
  4 ice beasts
  2 phantoms
  5 sky beasts
  3 ogres
  2 centaurs
  A bullfrog (D:8)
  A big kobold (D:6)
  A gnoll sergeant (D:8)
  2 scorpions
  Dowan (D:7)
  8 wights
  A howler monkey (D:5)
  2 crimson imps
  A centaur zombie (D:6)
  4 hounds
  A jelly (D:7)
  An orc priest (D:6)
  7 orc wizards
  An iguana (D:5)
  3 worker ants
  A killer bee zombie (D:5)
  A hound skeleton (D:6)
  2 worker ant zombies (D:5)
  9 gnolls
  8 adders
  3 shadow imps
  2 oozes
  A worm (D:2)
  3 leopard geckos
  18 orcs
  2 ball pythons
  2 bats
  4 giant cockroaches
  2 goblins
  4 hobgoblins
  7 jackals
  10 kobolds
  2 quokkas
  A frilled lizard (D:3)
  A quokka zombie (D:5)
  3 rats
  A fungus (D:8)
145 creatures vanquished.

Vanquished Creatures (collateral kills)
  2 ogres (D:4)
  Blork the orc (D:4)
  An orc (D:3)
4 creatures vanquished.

Vanquished Creatures (others)
  A slave (D:4)
  An ooze (D:4)
2 creatures vanquished.

Grand Total: 151 creatures vanquished

Notes
Turn   | Place    | Note
-------+----------+-------------------------------------------
     0 | D:1      | Raymar the Draconian Conjurer began the quest for the Orb.
     0 | D:1      | Reached XP level 1. HP: 14/14 MP: 3/3
   970 | D:1      | Reached XP level 2. HP: 20/20 MP: 3/5
   974 | D:1      | Learned a level 2 spell: Searing Ray
  1289 | D:2      | Found a sparkling altar of Nemelex Xobeh.
  1297 | D:2      | Became a worshipper of Nemelex Xobeh the Trickster
  1390 | D:2      | Received a gift from Nemelex Xobeh
  1400 | D:2      | Found a white marble altar of Elyvilon.
  1921 | D:3      | Reached XP level 3. HP: 26/26 MP: 2/6
  2202 | D:3      | Found a shadowy altar of Dithmenos.
  2278 | D:3      | Reached skill level 5 in Conjurations
  2278 | D:3      | Reached XP level 4. HP: 33/33 MP: 3/7
  2516 | D:3      | Found a runed gate.
  2516 | D:3      | Found a runed gate.
  2517 | D:3      | Found a runed gate.
  2518 | D:3      | Noticed a big kobold
  2518 | D:3      | Noticed kaisn's ghost (amateur FoFi)
  2843 | D:4      | Reached * piety under Nemelex Xobeh
  2861 | D:4      | Noticed an ogre
  2868 | D:4      | Killed an ogre
  2873 | D:4      | Noticed an ogre
  2880 | D:4      | Killed an ogre
  2880 | D:4      | Reached XP level 5. HP: 38/38 MP: 0/9
  2881 | D:4      | Noticed Blork the orc
  2887 | D:4      | Killed Blork the orc
  2896 | D:4      | Noticed a slave
  2937 | D:4      | Killed a slave
  2979 | D:4      | Noticed a slave
  3004 | D:4      | Noticed a slave
  3008 | D:4      | Noticed Pikel
  3013 | D:4      | Noticed a slave
  3028 | D:4      | Killed Pikel
  3028 | D:4      | Reached skill level 1 in Fighting
  3028 | D:4      | Reached skill level 1 in Short Blades
  3028 | D:4      | Reached skill level 1 in Crossbows
  3028 | D:4      | Reached skill level 6 in Conjurations
  3028 | D:4      | Reached XP level 6. HP: 2/47 MP: 1/12
  3028 | D:4      | Your scales start taking on a fiery red colour.
  3028 | D:4      | Reached XP level 7. HP: 3/52 MP: 1/13
  3028 | D:4      | Gained mutation: Your flesh is heat resistant. (rF+) [Red
                  | Draconian growth]
  3475 | D:4      | Learned a level 4 spell: Iskenderun's Mystic Blast
  3772 | D:4      | Found a burning altar of Makhleb.
  3799 | D:4      | Fell from the grace of Nemelex Xobeh
  3799 | D:4      | Became a worshipper of Makhleb the Destroyer
  3815 | D:4      | Noticed Grinder
  3833 | D:4      | Killed Grinder
  3833 | D:4      | Reached skill level 5 in Spellcasting
  4078 | D:4      | Found an iron altar of Okawaru.
  4243 | D:5      | Entered Level 5 of the Dungeon
  4300 | D:5      | Reached XP level 8. HP: 59/59 MP: 12/15
  4333 | D:5      | Found Umnaezeb's General Store.
  4337 | D:5      | Bought a scroll of identify for 28 gold pieces
  4524 | D:5      | Found Visiha's General Store.
  4543 | D:5      | Bought a scroll of enchant armour for 105 gold pieces
  4822 | D:5      | Reached skill level 7 in Conjurations
  5974 | D:6      | Found a hide-covered altar of Uskayaw.
  6047 | D:6      | Found an iron altar of Okawaru.
  6062 | D:6      | Found a staircase to the Ecumenical Temple.
  6332 | D:6      | Reached * piety under Makhleb
  6438 | D:6      | Reached XP level 9. HP: 68/68 MP: 9/18
  6586 | D:6      | Found a glowing silver altar of Zin.
  6669 | D:6      | Found a shimmering altar of Xom.
  7054 | D:6      | Found a stormy altar of Qazlal.
  7526 | D:7      | Noticed Prince Ribbit
  7533 | D:7      | Killed Prince Ribbit
  7607 | D:7      | Noticed Dowan
  7616 | D:7      | Noticed Duvessa
  7621 | D:7      | Killed Dowan
  7642 | D:7      | Reached skill level 8 in Conjurations
  7647 | D:7      | Killed Duvessa
  7670 | D:7      | Learned a level 2 spell: Sticks to Snakes
  7941 | D:7      | Reached ** piety under Makhleb
  7941 | D:7      | Reached skill level 5 in Dodging
  7941 | D:7      | Reached skill level 1 in Evocations
  8064 | D:7      | Found a deep blue altar of Sif Muna.
  8071 | D:7      | Reached skill level 1 in Transmutations
  8819 | D:8      | Reached skill level 5 in Short Blades
  8995 | D:8      | Reached XP level 10. HP: 77/77 MP: 14/20
  9359 | D:8      | Got a translucent short sword
  9360 | D:8      | Identified the cursed +1 short sword of Tioffax {drain,
                  | rPois} (You found it on level 8 of the Dungeon)
  9362 | D:8      | Found a staircase to the Lair.
  9499 | Lair:1   | Entered Level 1 of the Lair of Beasts
  9499 | Lair:1   | Noticed a seven-headed hydra
  9522 | Lair:1   | HP: 3/78 [seven-headed hydra (10)]
  9523 | Lair:1   | Mangled by a seven-headed hydra

Vault maps used:
D:1:      nagdon_arrival_double_spiral
D:2:      lemuel_coloured_pillars_altar, elyvilon_altar_4, lemuel_another_geyser
D:3:      gammafunk_ghost_nasty_kobolds, nicolae_dithmenos_shadow_blocks
D:4:      overflow_temple_1_default, nicolae_overflow_hidden_temple,
          corexii_shack, uniq_blork_the_orc, uniq_pikel, uniq_grinder
D:5:      first_ration, serial_shops, nicolae_shop_crystal,
          nicolae_shop_crystal, minmay_bent
D:6:      zin_scriptorium, nicolae_overflow_crystal_walls, old_standard_altar,
          eat_drink_and_be_merry_uskayaw, minmay_temple_entry_grid,
          okawaru_ov_weapons_minmay
D:7:      led_sif_book, uniq_duvessa, uniq_prince_ribbit1
D:8:      gammafunk_temple_overflow_arena, dpeg_oklobed_lair
Lair:1:   beast_lair_carwin_3

Skill      XL: |  1  2  3  4  5  6  7  8  9 10 |
---------------+-------------------------------+-----
Dodging        | 2 3 4 5 |  5.2
Stealth        | 2 3 4 |  4.4
Conjurations   | 5 6 7 8 |  8.3
Spellcasting   | 3 4 5 6 7 |  7.3
Fighting       | 1 2 3 |  3.8
Short Blades   | 1 3 5 |  5.2
Crossbows      | 1 |  1.5
Evocations     | 1 |  1.0
Transmutations | 1 2 |  2.3

Action                   |  1- 3 |  4- 6 |  7- 9 | 10-12 || total
-------------------------+-------+-------+-------+-------++-------
Melee: Unarmed           |     6 |       |       |       ||     6
       Dagger            |       |    27 |   184 |     1 ||   212
       Tailslap          |       |     2 |    29 |     8 ||    39
       Whip              |       |       |     5 |       ||     5
       Short sword       |       |       |       |    38 ||    38
 Fire: Hand crossbow     |     4 |     1 |       |       ||     5
 Cast: Magic Dart        |    53 |    18 |   106 |     1 ||   178
       Searing Ray       |     2 |     3 |    36 |     5 ||    46
       Iskenderun's Myst |       |       |    48 |     2 ||    50
 Abil: Draw Destruction  |     4 |     1 |       |       ||     5
       Draw Escape       |       |     1 |       |       ||     1
       Breathe Fire      |       |       |     1 |       ||     1
Evoke: Wand              |       |       |     5 |       ||     5
  Use: Scroll            |     9 |     2 |    10 |     1 ||    22
       Potion            |       |       |     4 |       ||     4
 Stab: Sleeping          |       |       |     1 |       ||     1
  Eat: Chunk             |     5 |     1 |    15 |     1 ||    22
       Ration            |       |     1 |     4 |       ||     5
Armor: Skin              |     4 |    19 |    82 |    30 ||   135
Dodge: Dodged            |     9 |    24 |   157 |    38 ||   228

Table legend:
 A = Non-vault XP
 B = Vault XP
 C = Vault XP percentage of total XP
 D = Non-vault monster count
 E = Vault monster count
 F = Vault count percentage of total count
                 A         B        C        D         E       F
            +---------+---------+-------+---------+---------+-------
      Total |    4299 |    1822 |  29.8 |     133 |      14 |   9.5
            +---------+---------+-------+---------+---------+-------
        D:1 |      13 |       0 |   0.0 |       4 |       0 |   0.0
        D:2 |      18 |       0 |   0.0 |       8 |       0 |   0.0
        D:3 |      77 |       0 |   0.0 |      20 |       0 |   0.0
        D:4 |     317 |     976 |  75.5 |      12 |       4 |  25.0
        D:5 |     803 |     260 |  24.5 |      21 |       5 |  19.2
        D:6 |    1125 |       0 |   0.0 |      32 |       0 |   0.0
        D:7 |     888 |     586 |  39.8 |      18 |       5 |  21.7
        D:8 |     915 |       0 |   0.0 |      17 |       0 |   0.0
     Lair:1 |     143 |       0 |   0.0 |       1 |       0 |   0.0
            +---------+---------+-------+---------+---------+-------
